 Dungeon Crawl Stone Soup version 0.22-a0-322-g60b3cfd (webtiles) character file.

48 Kairos the Covered (level 3, 30/30 HPs)
             Began as a Barachi Fighter on Apr 5, 2018.
             Got out of the dungeon alive.
             The game lasted 00:01:43 (1059 turns).

Kairos the Covered (Barachi Fighter)                Turns: 1059, Time: 00:01:43

Health: 30/30      AC:  7    Str: 17    XL:     3   Next: 72%
Magic:  3/3        EV:  7    Int:  8    God:
Gold:   33         SH:  9    Dex: 12    Spells: 2/2 levels left

rFire    . . .     SeeInvis .   a - +0 long sword
rCold    . . .     Gourm    +   c - +0 shield
rNeg     . . .     Faith    .   b - +0 scale mail
rPois    .         Spirit   .   (no helmet)
rElec    .         Reflect  .   (no cloak)
rCorr    .         Harm     .   (no gloves)
MR       .....                  (no boots)
Stlth    ..........             h - amulet of the gourmand
HPRegen  0.10/turn              (no ring)
MPRegen  0.08/turn              (no ring)

@: drained, slow
A: +LOS, swims, slowness 1, strong legs 1
a: Hop


You escaped.
You were not hungry.

You visited 1 branch of the dungeon, and saw 1 of its levels.

You collected 33 gold pieces.

Inventory:

Hand Weapons
 a - a +0 long sword (weapon)
Armour
 b - a +0 scale mail (worn)
 c - a +0 shield (worn)
Jewellery
 h - an amulet of the gourmand (around neck)
Potions
 d - 2 potions of might
 i - 2 potions of lignification
Comestibles
 f - 3 rations


   Skills:
 + Level 4.1(4.0) Fighting
 + Level 3.1(3.0) Long Blades
 + Level 4.1 Armour
 + Level 0.5(0.4) Dodging
 + Level 3.8(3.7) Shields


You had 2 spell levels left.
You didn't know any spells.

Dungeon Overview and Level Annotations

Branches:
Dungeon (1/15)

Altars:


Innate Abilities, Weirdness & Mutations

Shadows flee at your approach. (+LOS)
You can swim through water.
You cover ground slowly.
You can hop short distances.


Message History

Done exploring.
No target in view!
As you read the scroll labeled GOGISU WOVVOUN, it crumbles to dust.
You feel blessed for a moment.
It was a scroll of remove curse.
As you read the scroll labeled GEIRUBL AJOK, it crumbles to dust.
It is a scroll of amnesia.
You feel forgetful for a moment.
As you read the scroll labeled DUUTUPT PENA, it crumbles to dust.
You feel strangely unstable.
It was a scroll of teleportation.
As you read the scroll labeled ONOTOUPTUQ, it crumbles to dust.
It is a scroll of identify.
i - 2 potions of lignification It was a potion of curing.
You feel better.
Your surroundings suddenly seem different.
There is an open door here.
There is an open door here.
There is an open door here.
There is a staircase leading out of the dungeon here.
Are you sure you want to leave the Dungeon?
This will make you lose the game!
You have escaped!

..[.....#################........
.......## ###.......### ##...####
...#..## ##...........## ##..# #
...#..# ##....##'##....## #..####
..##..# #...####.####...# #..#...
...#.####..##.......##..####)#...
...#.# #...#..#####..#...# #.....
..)#.# #..##.##...##.##..# #.....
...#.# #..##.##.@.##.##..# #.#...
...#.# #..##.##...##.##..# #.#...
.....# #...#..##'##..#...# #.#...
.....####..##.......##..####.#...
......# #...#########...# #......
......# ##....#####....## #......
......## ##...........## ##......
.......## ###.......### ##.......
..##....########.########....#...


There were no monsters in sight!

Vanquished Creatures
  7 bats (D:1)
  2 giant cockroaches (D:1)
  8 goblins (D:1)
  6 hobgoblins (D:1)
  7 jackals (D:1)
  6 kobolds (D:1)
  6 rats (D:1)
42 creatures vanquished.

Notes
Turn   | Place    | Note
-------+----------+-------------------------------------------
     0 | D:1      | Kairos the Barachi Fighter began the quest for the Orb.
     0 | D:1      | Reached XP level 1. HP: 18/18 MP: 1/1
    81 | D:1      | Reached XP level 2. HP: 22/25 MP: 2/2
   320 | D:1      | Reached XP level 3. HP: 30/30 MP: 3/3
  1059 | D:$      | Got out of the dungeon alive.

Vault maps used:
D:1:      dpeg_arrival_concentric_ovals, nrook_mini_vaults, minmay_heptomino_l4

Skill      XL: |  1  2  3 |
---------------+----------+-----
Armour         | 4 |  4.1
Fighting       | 4 |  4.1
Long Blades    | 3 |  3.1
Dodging        | |  0.5
Shields        | |  3.8

Action                   || total
-------------------------++-------
Melee: Long sword        ||   149
  Use: Scroll            ||     4
       Potion            ||     1
  Eat: Chunk             ||     3
Armor: Scale mail        ||    99
Dodge: Dodged            ||    59
Block: Shield            ||   101
       Rpst.: Long sword ||    13

Table legend:
 A = Spawn XP
 B = Non-spawn XP
 C = Spawn XP percentage of total XP
 D = Spawn monster count
 E = Non-spawn monster count
 F = Spawn count percentage of total count
 G = Total turns spent on level
                    A         B        C        D         E        F      G
               +---------+---------+-------+---------+---------+-------+---------
         Total |       0 |      69 |   0.0 |       0 |      42 |   0.0 |  1059
               +---------+---------+-------+---------+---------+-------+---------
           D:1 |       0 |      69 |   0.0 |       0 |      42 |   0.0 |  1059
               +---------+---------+-------+---------+---------+-------+---------
